 Dungeon Crawl Stone Soup version 0.22-a0-268-g1cc83ef (webtiles) character file.

17834 Amnesiac the Sharpshooter (level 12, -15/91 HPs)
             Began as a Formicid Fighter on Mar 9, 2018.
             Was a High Priest of Okawaru.
             Demolished by a phantasmal warrior (18 damage)
             ... led by a death knight
             ... on level 12 of the Dungeon.
             The game lasted 00:25:20 (12487 turns).

Amnesiac the Sharpshooter (Formicid Fighter)       Turns: 12487, Time: 00:25:21

Health: -15/91     AC: 21    Str: 24    XL:     12   Next: 87%
Magic:  12/12      EV: 15    Int: 12    God:    Okawaru [*****.]
Gold:   612        SH: 12    Dex: 15    Spells: 11/11 levels left

rFire    . . .     SeeInvis +   a - +4 hand crossbow (freeze)
rCold    + . .     Gourm    +   c - +0 shield
rNeg     . . .     Faith    .   t - +2 plate armour {rC+}
rPois    .         Spirit   .   (helmet unavailable)
rElec    .         Reflect  .   z - +0 cloak
rCorr    .         Harm     .   J - +0 pair of gloves
MR       +....                  E - +2 pair of boots
Stlth    ..........             I - amulet of the gourmand
HPRegen  0.25/turn              j - ring of protection from magic
MPRegen  0.13/turn              n - ring of protection from magic

@: agile, vulnerable, invisible
A: permanent stasis, dig shafts and tunnels, four strong arms, antennae 3,
talons 1, clever 1
a: Dig, Shaft Self, Heroism, Finesse, Renounce Religion


You were on level 12 of the Dungeon.
You worshipped Okawaru.
Okawaru was extremely pleased with you.
You were completely stuffed.

You visited 2 branches of the dungeon, and saw 13 of its levels.

You collected 612 gold pieces.

Inventory:

Hand Weapons
 a - a +4 hand crossbow of freezing (weapon)
 b - a +6 dagger of electrocution
Missiles
 F - 45 bolts (quivered)
Armour
 c - a +0 shield (worn)
 i - a +1 chain mail of poison resistance
 m - a scarf of cloud immunity
 t - a +2 plate armour of cold resistance (worn)
 z - a +0 cloak (worn)
 E - a +2 pair of boots (worn)
 J - a +0 pair of gloves (worn)
Jewellery
 j - a ring of protection from magic (left hand)
 n - a ring of protection from magic (right hand)
 I - an amulet of the gourmand (around neck)
Wands
 y - a wand of polymorph (19)
 C - a wand of random effects (27)
 K - a wand of iceblast (7)
Scrolls
 g - 4 scrolls of identify {!r}
 k - a scroll of vulnerability {!r}
 l - a scroll of remove curse {!r}
 u - 4 scrolls of magic mapping {!r}
 w - a scroll of silence {!r}
 D - 6 scrolls of enchant armour {!r}
Potions
 d - a potion of might {!q}
 e - 2 potions of curing {!q}
 h - 2 potions of magic {!q}
 o - 3 potions of agility {!q}
 p - 4 potions of flight {!q}
 q - a potion of cancellation {!q}
 s - a potion of brilliance {!q, unknown}
 A - a potion of lignification {!q}
 B - a potion of mutation {!q}
Comestibles
 f - 16 rations
 v - 4 chunks of flesh


   Skills:
 - Level 7.0 Fighting
   Level 2.0 Staves
 * Level 15.2 Crossbows
 - Level 7.1 Armour
 - Level 6.0 Dodging
 - Level 9.0 Shields


You had 11 spell levels left.
You didn't know any spells.

Dungeon Overview and Level Annotations

Branches:
Dungeon (12/15)            Temple (1/1) D:4            Lair (0/6) D:11
    Orc (0/2) D:12

Altars:
Ashenzari
Cheibriados
Dithmenos
Elyvilon
Fedhas
Gozag
Hepliaklqana
Kikubaaqudgha
Makhleb
Nemelex Xobeh
Okawaru
Qazlal
Ru
Sif Muna
Trog
Uskayaw
Vehumet
Wu Jian
Xom
Yredelemnul
Zin
The Shining One

Shops:
D:7 %   D:8 ?   D:9 ?   D:12 %


Innate Abilities, Weirdness & Mutations

You cannot be hasted, slowed, berserked, paralysed or teleported.
You can dig through walls and to a lower floor.
Your four strong arms can wield two-handed weapons with a shield.
You have a pair of large antennae on your head. (SInv)
You have sharp toenails.
Your mind is acute. (Int +2)


Message History

Firing (i - inventory)
F - 52 bolts (quivered)
Press: ? - help, Shift-Dir - straight line, f/p - phantasmal warrior
Aim: a phantasmal warrior (moderately damaged)
You shoot a bolt. The bolt hits the phantasmal warrior.
The phantasmal warrior is heavily damaged.
The phantasmal warrior barely misses you.
Firing (i - inventory)
F - 51 bolts (quivered)
Press: ? - help, Shift-Dir - straight line, f/p - phantasmal warrior
Aim: a phantasmal warrior (heavily damaged)
You shoot a bolt.
The bolt barely misses the phantasmal warrior. x2
The phantasmal warrior hits you!!
* * * LOW HITPOINT WARNING * * *
Firing (i - inventory)
F - 50 bolts (quivered)
Press: ? - help, Shift-Dir - straight line, f/p - phantasmal warrior
Aim: a phantasmal warrior (heavily damaged)
You shoot a bolt.
The bolt hits the phantasmal warrior but does no damage.
The phantasmal warrior is heavily damaged.
You block the phantasmal warrior's attack.
Firing (i - inventory)
F - 49 bolts (quivered)
Press: ? - help, Shift-Dir - straight line, f/p - phantasmal warrior
Aim: a phantasmal warrior (heavily damaged)
You shoot a bolt.
The bolt closely misses the phantasmal warrior.
The bolt hits the phantasmal warrior.
The phantasmal warrior is lightly damaged.
The phantasmal warrior hits you but does no damage.
Firing (i - inventory)
F - 48 bolts (quivered)
Press: ? - help, Shift-Dir - straight line, f/p - phantasmal warrior
Aim: a phantasmal warrior (heavily damaged)
You shoot a bolt.
The bolt closely misses the phantasmal warrior.
The bolt hits the phantasmal warrior!!
The bolt freezes the phantasmal warrior.
The phantasmal warrior is heavily damaged.
You block the phantasmal warrior's attack.
The phantasmal warrior blinks!
Firing (i - inventory)
F - 47 bolts (quivered)
Press: ? - help, Shift-Dir - straight line, f/p - phantasmal warrior
Aim: a phantasmal warrior (heavily damaged)
You shoot a bolt.
The bolt barely misses the phantasmal warrior.
The phantasmal warrior hits you but does no damage.
Firing (i - inventory)
F - 46 bolts (quivered)
Press: ? - help, Shift-Dir - straight line, f/p - phantasmal warrior
Aim: a phantasmal warrior (heavily damaged)
You shoot a bolt. The bolt hits the phantasmal warrior!
The bolt freezes the phantasmal warrior.
The phantasmal warrior is severely damaged.
The phantasmal warrior hits you!!
* * * LOW HITPOINT WARNING * * *
Okay, then.
Really quaff
o - 4 potions of agility {!q}?
You feel agile all of a sudden.
You block the phantasmal warrior's attack.
The phantasmal warrior hits you!
* * * LOW HITPOINT WARNING * * *
Really quaff
r - a brown potion {!q}?
It was a potion of invisibility {!q}.
You fade into invisibility!
You block the phantasmal warrior's attack.
The phantasmal warrior hits you!!
You die...

##...........#
............#
#......#....#######
.##...###..........
.....## ##..##.####
.####.###).....#
#..#<#.###.#
#.#.##..##W#
#.#####.##@#
..#####.# .##W#
........# .##(...#
..####.##
.##........ .
##...## .##∩...####
..##.....##
#.##.#.##
..........###.##.#.#
...........##.##(#.#
#####...##.......#.#


You could see 2 phantasmal warriors.

Vanquished Creatures
  A hydra (D:12)
  2 death knights (D:12)
  2 two-headed ogres (D:12)
  The ghost of nikopol the Thaumaturge, a novice DEFE of Sif Muna (D:8)
  A skeletal warrior (D:12)
  A lindwurm (shapeshifter) (D:12)
  A cyclops (D:11)
  Joseph (D:7)
  2 freezing wraiths
  A troll (D:10)
  2 hornets
  A wind drake (shapeshifter) (D:7)
  Prince Ribbit (D:7)
  2 hippogriffs
  2 slime creatures (D:12)
  2 wyverns
  15 yaks
  4 wraiths
  2 hungry ghosts
  A basilisk (D:11)
  An acid dragon (D:12)
  A soldier ant (D:8)
  A water moccasin (D:11)
  A porcupine (D:11)
  5 orc warriors
  4 sky beasts
  3 black bears
  4 ice beasts
  3 centaurs
  3 phantoms
  7 ogres
  A crocodile (D:11)
  A big kobold (D:7)
  7 bullfrogs
  A wyvern zombie (D:10)
  2 scorpions
  9 killer bees
  Dowan (D:7)
  11 wights
  3 bullfrog zombies
  2 howler monkeys (D:8)
  2 crimson imps
  2 centaur zombies
  3 jellies
  7 hounds
  2 centaur skeletons
  A quasit (D:10)
  Crazy Yiuf (D:5)
  4 orc priests
  3 bullfrog skeletons
  A gnoll shaman (D:2)
  11 orc wizards
  4 iguanas
  14 worker ants
  A killer bee zombie (D:8)
  A hound zombie (D:7)
  2 hound skeletons
  8 gnolls
  12 adders
  3 shadow imps
  2 oozes
  2 adder zombies
  5 adder skeletons
  2 dart slugs
  6 leopard geckos
  33 orcs
  2 ball pythons
  6 giant cockroaches
  8 goblins
  5 hobgoblins
  15 jackals
  7 quokkas
  10 bats
  A frilled lizard (D:4)
  10 kobolds
  A leopard gecko zombie (D:6)
  2 quokka skeletons
  5 rats
320 creatures vanquished.

Notes
Turn   | Place    | Note
-------+----------+-------------------------------------------
     0 | D:1      | Amnesiac the Formicid Fighter began the quest for the Orb.
     0 | D:1      | Reached XP level 1. HP: 18/18 MP: 1/1
    76 | D:1      | Reached skill level 1 in Dodging
    76 | D:1      | Reached XP level 2. HP: 24/24 MP: 2/2
   322 | D:1      | Reached XP level 3. HP: 29/29 MP: 3/3
  1301 | D:2      | Reached XP level 4. HP: 35/35 MP: 4/4
  1330 | D:2      | Reached XP level 5. HP: 22/42 MP: 5/5
  2283 | D:3      | Reached XP level 6. HP: 24/48 MP: 6/6
  2519 | D:3      | Found an ancient bone altar of Kikubaaqudgha.
  2547 | D:3      | Found a blossoming altar of Fedhas.
  2709 | D:3      | Found a glowing golden altar of the Shining One.
  2732 | D:3      | Reached skill level 5 in Shields
  2920 | D:3      | Reached XP level 7. HP: 54/55 MP: 7/7
  3139 | D:2      | Found a glowing golden altar of the Shining One.
  3226 | D:4      | Found a staircase to the Ecumenical Temple.
  3236 | Temple   | Entered the Ecumenical Temple
  3261 | Temple   | Became a worshipper of Warmaster Okawaru
  3433 | D:4      | Reached skill level 5 in Fighting
  3547 | D:4      | Reached skill level 5 in Armour
  3683 | D:4      | Found a white marble altar of Elyvilon.
  3902 | D:4      | You fall through a shaft for 3 floors!
  3946 | D:7      | Found Mojint's Food Shoppe.
  3982 | D:7      | Noticed Joseph
  4010 | D:7      | Noticed Duvessa
  4010 | D:7      | Noticed Dowan
  4035 | D:6      | Reached XP level 8. HP: 48/62 MP: 8/8
  4134 | D:6      | Reached * piety under Okawaru
  4210 | D:5      | Entered Level 5 of the Dungeon
  4498 | D:4      | Found a hazy altar of Hepliaklqana.
  5020 | D:5      | Found a runed door.
  5248 | D:5      | Noticed Crazy Yiuf
  5260 | D:5      | Killed Crazy Yiuf
  5357 | D:5      | Gained mutation: You have sharp toenails. [potion of mutation]
  5357 | D:5      | Gained mutation: Your mind is acute. (Int +2) [potion of mutation]
  5494 | D:6      | Reached skill level 5 in Dodging
  5738 | D:6      | Reached XP level 9. HP: 70/70 MP: 9/9
  5807 | D:6      | Got a heavily runed chain mail
  5912 | D:6      | Reached ** piety under Okawaru
  6109 | D:6      | Found a burning altar of Makhleb.
  6109 | D:6      | Found a shimmering altar of Xom.
  6253 | D:6      | Identified the cursed +1 chain mail "Sublil" {*Drain rElec MR+++ Str-5} (You took it off an orc on level 6 of the Dungeon)
  6872 | D:7      | Reached skill level 1 in Crossbows
  7026 | D:7      | Found a stormy altar of Qazlal.
  7060 | D:7      | Noticed Prince Ribbit
  7070 | D:7      | Killed Prince Ribbit
  7070 | D:7      | Reached skill level 2 in Crossbows
  7143 | D:7      | Found an ornate altar of the Wu Jian Council.
  7185 | D:7      | Duvessa changed into Duvessa the howler monkey
  7192 | D:7      | Killed Dowan
  7197 | D:7      | Noticed Duvessa
  7197 | D:7      | Duvessa the hog changed into Duvessa the orb spider
  7199 | D:7      | Noticed Duvessa
  7199 | D:7      | Duvessa the orb spider changed into Duvessa the polar bear
  7200 | D:7      | Noticed Duvessa
  7200 | D:7      | Duvessa the polar bear changed into Duvessa the wind drake
  7211 | D:7      | Killed Duvessa the wind drake
  7211 | D:7      | Reached skill level 3 in Crossbows
  7344 | D:8      | Reached skill level 4 in Crossbows
  7344 | D:8      | Reached XP level 10. HP: 79/79 MP: 10/10
  7405 | D:8      | Reached *** piety under Okawaru
  7405 | D:8      | Reached skill level 5 in Crossbows
  7432 | D:8      | Reached skill level 6 in Crossbows
  7623 | D:8      | Noticed nikopol's ghost (novice DEFE)
  7636 | D:8      | Killed nikopol's ghost
  7636 | D:8      | Reached **** piety under Okawaru
  7636 | D:8      | Reached skill level 7 in Crossbows
  7981 | D:8      | Reached skill level 8 in Crossbows
  8225 | D:8      | Found a stormy altar of Qazlal.
  8314 | D:8      | Found Gyaram's Magic Scroll Shoppe.
  8491 | D:7      | Killed Joseph
  8551 | D:9      | Reached skill level 9 in Crossbows
  8670 | D:9      | Reached XP level 11. HP: 79/84 MP: 11/11
  8732 | D:9      | Received a gift from Okawaru
  9096 | D:9      | Found Egyt's Magic Scroll Shoppe.
  9119 | D:9      | Reached skill level 10 in Crossbows
  9497 | D:9      | Received a gift from Okawaru
  9635 | D:10     | Entered Level 10 of the Dungeon
  9643 | D:10     | Reached skill level 11 in Crossbows
  9652 | D:10     | Reached ***** piety under Okawaru
  9779 | D:10     | Received a gift from Okawaru
  9935 | D:10     | Reached skill level 12 in Crossbows
 10378 | D:11     | Noticed a cyclops
 10382 | D:11     | Killed a cyclops
 10626 | D:11     | Found a staircase to the Lair.
 10631 | D:11     | Reached XP level 12. HP: 91/91 MP: 12/12
 10719 | D:11     | Reached skill level 13 in Crossbows
 10760 | D:11     | Received a gift from Okawaru
 11158 | D:12     | Noticed a seven-headed hydra
 11173 | D:12     | Killed a seven-headed hydra
 11231 | D:12     | Found a staircase to the Orcish Mines.
 11261 | D:12     | Noticed a death drake
 11261 | D:12     | a wind drake changed into a death drake
 11262 | D:12     | Noticed a death knight
 11270 | D:12     | a death drake changed into a lindwurm
 11307 | D:12     | Killed a death knight
 11307 | D:12     | Received a gift from Okawaru
 11307 | D:12     | Reached skill level 14 in Crossbows
 11735 | D:12     | Noticed a two-headed ogre
 11739 | D:12     | Killed a two-headed ogre
 12054 | D:12     | Noticed a two-headed ogre
 12058 | D:12     | Killed a two-headed ogre
 12227 | D:12     | Noticed a skeletal warrior
 12241 | D:12     | Killed a skeletal warrior
 12314 | D:12     | Found Gafatsurph's Food Shop.
 12314 | D:12     | Noticed a death knight
 12327 | D:12     | Killed a death knight
 12327 | D:12     | Reached skill level 15 in Crossbows
 12486 | D:12     | HP: 3/91 [phantasmal warrior[a death knight] (14)]
 12487 | D:12     | Demolished by a phantasmal warrior

Vault maps used:
D:1:      sevenhm_arrival_forest_fort_large_4, kennysheep_boxes
D:2:      lemuel_upstairs_altar, first_ration, grunt_decor_one_mirror
D:3:      lemuel_crystal_altar, kiku_gazebo_garden_becter, old_standard_altar
D:4:      kennysheep_mini, kennysheep_mini_moat, temple_hall
D:5:      uniq_crazy_yiuf_cottage
D:6:      grunt_temple_overflow_champion_of_chaos
D:7:      nicolae_overflow_crystal_walls, overflow_temple_1_default,
          serial_shops, nicolae_shop_statue_plus, uniq_joseph,
          uniq_prince_ribbit1, uniq_duvessa
D:8:      serial_shops, shop_fountains, basic_altar, hangedman_pestilent_swarm
D:9:      serial_shops, nicolae_shop_waterfront
D:11:     grunt_lair_entry_orc_guard_hut
D:12:     david_orc_2, serial_shops, shop
Temple:   cyrus_circular_temple

Skill      XL: |  1  2  3  4  5  6  7  8  9 10 11 12 |
---------------+-------------------------------------+-----
Dodging        | 1 2 3 4 5 6 |  6.0
Shields        | 4 5 6 8 9 |  9.0
Fighting       | 4 5 6 7 |  7.0
Armour         | 4 5 6 7 |  7.1
Crossbows      | 4 9 12 15 | 15.2
Staves         | |  2.0

Action                   |  1- 3 |  4- 6 |  7- 9 | 10-12 || total
-------------------------+-------+-------+-------+-------++-------
Melee: Quarterstaff      |    82 |   101 |   119 |       ||   302
       Mace              |       |    55 |    32 |       ||    87
       Halberd           |       |       |    52 |       ||    52
       Unarmed           |       |       |     5 |       ||     5
       Dagger            |       |       |    15 |   225 ||   240
 Fire: Hunting sling     |       |    22 |   326 |       ||   348
       Longbow           |       |       |    61 |       ||    61
       Arbalest          |       |       |       |   126 ||   126
       Hand crossbow     |       |       |       |   296 ||   296
Invok: Heroism           |       |       |       |     1 ||     1
 Abil: Dig               |       |       |       |     5 ||     5
  Use: Scroll            |       |     4 |    11 |     1 ||    16
       Potion            |       |     1 |     3 |     3 ||     7
 Stab: Distracted        |       |       |       |     1 ||     1
  Eat: Chunk             |     1 |     6 |    16 |    25 ||    48
       Ration            |       |       |     4 |       ||     4
Armor: Scale mail        |     4 |       |       |       ||     4
       Plate armour      |    42 |    73 |   253 |   169 ||   537
Dodge: Dodged            |    20 |    38 |   137 |   101 ||   296
Block: Shield            |    49 |    84 |   273 |   213 ||   619

Table legend:
 A = Spawn XP
 B = Non-spawn XP
 C = Spawn XP percentage of total XP
 D = Spawn monster count
 E = Non-spawn monster count
 F = Spawn count percentage of total count
 G = Total turns spent on level
                    A         B        C        D         E        F      G
               +---------+---------+-------+---------+---------+-------+---------
         Total |       0 |   25478 |   0.0 |       0 |     320 |   0.0 | 12487
               +---------+---------+-------+---------+---------+-------+---------
           D:1 |       0 |      44 |   0.0 |       0 |      21 |   0.0 |   899
           D:2 |       0 |     181 |   0.0 |       0 |      32 |   0.0 |  1330
           D:3 |       0 |     299 |   0.0 |       0 |      24 |   0.0 |   949
           D:4 |       0 |     315 |   0.0 |       0 |      15 |   0.0 |   744
           D:5 |       0 |     560 |   0.0 |       0 |      21 |   0.0 |  1132
           D:6 |       0 |    1029 |   0.0 |       0 |      32 |   0.0 |  1122
           D:7 |       0 |    1853 |   0.0 |       0 |      22 |   0.0 |   941
           D:8 |       0 |    3092 |   0.0 |       0 |      24 |   0.0 |  1555
           D:9 |       0 |    2456 |   0.0 |       0 |      39 |   0.0 |   926
          D:10 |       0 |    4092 |   0.0 |       0 |      29 |   0.0 |   742
          D:11 |       0 |    2873 |   0.0 |       0 |      19 |   0.0 |  1129
          D:12 |       0 |    8684 |   0.0 |       0 |      42 |   0.0 |   981
               +---------+---------+-------+---------+---------+-------+---------
